 Dungeon Crawl Stone Soup version 0.27-a0-1202-ge72e49191c (webtiles) character file.

Game seed: 11526202449428348869

1794 mordus the Ruffian (level 8, 0/80 HPs)
             Began as a Troll Monk on June 4, 2021.
             Slain by an orc
             ... wielding a +0 mace
              (5 damage)
             ... on level 6 of the Dungeon.
             The game lasted 00:06:32 (3653 turns).

mordus the Ruffian (Troll Monk)                     Turns: 3653, Time: 00:06:34

Health: 0/80       AC:  6    Str: 20    XL:     8   Next: 82%
Magic:  7/7        EV: 10    Int:  8    God:
Gold:   335        SH:  0    Dex: 14    Spells: 7/7 levels left

rFire    + . .     SeeInvis .   v - +11 mace "Ivigodau" {freeze, *Noise Will+ Int+2}
rCold    . . .     Faith    .   (no shield)
rNeg     . . .     Spirit   .   w - +2 robe {rF+}
rPois    .         Reflect  .   (helmet restricted)
rElec    .         Harm     .   (no cloak)
rCorr    .         Rampage  .   (gloves unavailable)
Will     +....                  (boots unavailable)
Stlth    ++........             (no amulet)
HPRegen  1.23/turn              (no ring)
MPRegen  0.10/turn              (no ring)

@: no status effects
A: large, unfitting armour, claws 3, regeneration 1, shaggy fur 1, tough skin 1
a: no special abilities


You were on level 6 of the Dungeon.
You visited 2 branches of the dungeon, and saw 7 of its levels.

You collected 335 gold pieces.

Inventory:

Hand Weapons
 n - a +0 giant spiked club
 v - the +11 mace "Ivigodau" (weapon) {freeze, *Noise Will+ Int+2}
   (You found it on level 6 of the Dungeon)

   It has been specially enchanted to freeze those struck by it, causing extra
   injury to most foes and up to half again as much damage against particularly
   susceptible opponents.
   It can also slow down cold-blooded creatures.
   It affects your intelligence (+2).
   It may make noises in combat.
   It increases your willpower.
Armour
 a - a +0 robe
 w - a +2 robe of fire resistance (worn)
Jewellery
 p - an amulet of the acrobat
 q - a ring of protection from fire
 u - an amulet of faith
Wands
 r - a wand of iceblast (5)
Scrolls
 b - 4 scrolls of amnesia {unknown}
 c - 4 scrolls of immolation {unknown}
 e - a scroll of blinking {unknown}
 h - 2 scrolls of identify {unknown}
 i - 2 scrolls of teleportation {unknown}
 j - 3 scrolls of enchant armour {unknown}
 k - a scroll of silence {unknown}
 o - a scroll of magic mapping {unknown}
 s - a scroll of fog {unknown}
 t - a scroll of brand weapon {unknown}
 x - a scroll of fear {unknown}
 y - 2 scrolls of holy word {unknown}
Potions
 d - 2 potions of mutation {unknown}
 f - a potion of haste {unknown}
 g - 2 potions of lignification {unknown}
 l - a potion of brilliance {unknown}
 m - a potion of cancellation {unknown}


   Skills:
 + Level 5.3 Fighting
 + Level 3.6 Maces & Flails
 + Level 4.5 Armour
 - Level 2.4 Dodging
 - Level 1.0 Stealth
 + Level 7.5 Unarmed Combat


You had 7 spell levels left.
You didn't know any spells.
Your spell library was empty.

Dungeon Overview and Level Annotations

Branches:
Dungeon (6/15)             Temple (1/1) D:5

Altars:
Ashenzari
Cheibriados
Dithmenos
Elyvilon
Fedhas
Gozag
Hepliaklqana
Kikubaaqudgha
Makhleb
Nemelex Xobeh
Okawaru
Qazlal
Sif Muna
Trog
Uskayaw
Vehumet
Wu Jian
Xom
Yredelemnul
Zin
The Shining One

Annotations:
D:6 1 runed translucent door, Crazy Yiuf


Innate Abilities, Weirdness & Mutations

You are too large for most types of armour.
You have claws for hands.
Your natural rate of healing is unusually fast.
You are covered in fur. (AC +1)
You have tough skin. (AC +1)


Message History

The orc priest is severely wounded.
The orc warrior completely misses you.
The orc priest hits you but does no damage.
The orc hits you with a +0 mace.
You sock the orc priest! You freeze the orc priest.
You kill the orc priest!
The orc warrior hits you with a +0 dire flail!
The orc closely misses you. The orc warrior completely misses you.
You barely miss the orc warrior. The orc hits you with a +0 mace.
The orc warrior barely misses you.
You closely miss the orc warrior. The orc hits you with a +0 mace.
The necrophage hits you. The orc warrior misses you. The orc barely misses you.
The necrophage hits you.
You sock the orc warrior! You freeze the orc warrior.
The orc warrior is heavily wounded.
The orc warrior barely misses you. The orc closely misses you.
The necrophage completely misses you.
You barely miss the orc warrior.
The orc warrior is heavily wounded.
The orc warrior hits you with a +0 dire flail!
The orc barely misses you. The necrophage barely misses you.
You sock the orc warrior! You freeze the orc warrior.
The orc warrior is almost dead.
The orc warrior hits you with a +0 dire flail.
The orc hits you with a +0 mace.
The necrophage hits you but does no damage.
The orc warrior hits you with a +0 dire flail!!
You are too injured to fight recklessly!
You are too injured to fight recklessly!
You are too injured to fight recklessly!
You are too injured to fight recklessly!
You are too injured to fight recklessly!
There are monsters nearby!
You closely miss the orc warrior.
The orc warrior is almost dead.
The orc hits you with a +0 mace. The necrophage hits you.
The orc warrior hits you with a +0 dire flail!!
* * * LOW HITPOINT WARNING * * *
The orc hits you with a +0 mace.
You die...

##########
###........
..........#
........###+## ..
..>.........
.....#oon.......
.....#.@........
.....#.$.......
...........####
.###...)...#
........#
#.......# #.......
#.....#######
#......
###...$.......#
#.[...
#.............#
#....
#...).........####


You could see an orc warrior, a necrophage and an orc.

Vanquished Creatures
  Pikel (D:6)
  A water moccasin (D:6)
  A sky beast (D:5)
  3 ogres
  3 centaurs (D:6)
  A phantom (D:5)
  A lemure (D:6)
  3 scorpions
  2 orc priests
  A bullfrog zombie (D:6)
  A jelly (D:5)
  2 iguanas
  A killer bee zombie (D:6)
  A hound skeleton (D:4)
  A howler monkey skeleton (D:4)
  10 adders
  2 ufetubi
  A worm (D:3)
  2 dart slugs
  12 orcs
  4 ball pythons
  8 endoplasms
  3 giant cockroaches
  3 hobgoblins
  15 jackals
  2 quokkas (D:2)
  5 bats
  A frilled lizard (D:2)
  10 goblins
  5 kobolds
  6 rats
112 creatures vanquished.

Notes
Turn   | Place    | Note
-------+----------+-------------------------------------------
     0 | D:1      | mordus the Troll Monk began the quest for the Orb.
     0 | D:1      | Reached XP level 1. HP: 22/22 MP: 0/0
   145 | D:1      | Reached XP level 2. HP: 29/29 MP: 1/1
   285 | D:1      | Reached XP level 3. HP: 26/36 MP: 2/2
   451 | D:2      | Reached skill level 1 in Armour
   467 | D:2      | Reached skill level 4 in Unarmed Combat
   638 | D:2      | Reached XP level 4. HP: 42/44 MP: 3/3
   803 | D:2      | Found a glowing golden altar of the Shining One.
  1571 | D:3      | Reached XP level 5. HP: 33/53 MP: 4/4
  1679 | D:3      | Noticed an ogre
  1688 | D:3      | Killed an ogre
  1689 | D:3      | Reached skill level 5 in Unarmed Combat
  1754 | D:3      | Reached XP level 6. HP: 55/61 MP: 5/5
  2509 | D:4      | Reached skill level 6 in Unarmed Combat
  2509 | D:4      | Reached XP level 7. HP: 42/68 MP: 6/6
  2627 | D:5      | Entered Level 5 of the Dungeon
  2997 | D:5      | Reached skill level 1 in Maces & Flails
  3086 | D:5      | Found a staircase to the Ecumenical Temple.
  3144 | Temple   | Entered the Ecumenical Temple
  3377 | D:6      | Reached XP level 8. HP: 24/79 MP: 7/7
  3392 | D:6      | Identified the +11 mace "Ivigodau" {freeze, *Noise Will+
                  | Int+2}
  3426 | D:6      | Found a runed translucent door.
  3427 | D:6      | Noticed Crazy Yiuf
  3463 | D:6      | Reached skill level 7 in Unarmed Combat
  3527 | D:6      | Noticed Pikel
  3540 | D:6      | Killed Pikel
  3541 | D:6      | Reached skill level 5 in Fighting
  3653 | D:6      | Slain by an orc

Illustrated notes

Levels and vault maps discovered:
D:1:      dpeg_arrival_concentric_ovals, layout_rooms, serial_park_tiny_1
D:2:      layout_loops_ring, basic_altar, serial_rivers,
          chequers_serial_rivers_small_3, chequers_serial_rivers_small_3,
          chequers_serial_rivers_micro_a, chequers_serial_rivers_small_a
D:3:      layout_basic, minivault_11
D:4:      layout_basic
D:5:      layout_gridville
D:6:      layout_basic, lemuel_doored_altar, nrook_mini_backslash, uniq_pikel,
          uniq_crazy_yiuf_cottage, uniq_grinder
Temple:   dpeg_three_leaves_temple

Skill      XL: |  1  2  3  4  5  6  7  8 |
---------------+-------------------------+-----
Armour         | 1 2 3 4 |  4.5
Unarmed Combat | 4 5 6 7 |  7.5
Fighting       | 3 4 5 |  5.3
Maces & Flails | 2 3 |  3.6
Dodging        | |  2.4
Stealth        | |  1.0

Action                   |  1- 3 |  4- 6 |  7- 9 || total
-------------------------+-------+-------+-------++-------
Melee: Unarmed           |   101 |   120 |    61 ||   282
       Punch             |     2 |     1 |       ||     3
       Giant spiked club |       |       |    13 ||    13
       Mace              |       |       |    34 ||    34
 Stab: Sleeping          |       |     6 |     2 ||     8
Armor: Robe              |    56 |    22 |    34 ||   112
Dodge: Dodged            |    89 |    39 |    78 ||   206

Table legend: (Time is in decaauts)
 A = Elapsed time spent in this place.
 B = Non-inter-level travel time spent in this place.
 C = Inter-level travel time spent in this place.
 D = Time resting spent in this place.
 E = Time spent auto-exploring this place.
 F = Levels seen in this place.
 G = Mean time per level.
                   A        B        C        D        E       F      G
               +--------+--------+--------+--------+--------+-----+--------+
         Total |   3658 |   3520 |    138 |     52 |   2722 |   7 |  522.6 |
       Dungeon |   3570 |   3432 |    138 |     52 |   2655 |   6 |  595.0 |
        Temple |     87 |     87 |      0 |      0 |     67 |   1 |   87.0 |
               +--------+--------+--------+--------+--------+-----+--------+

Top non-repeatable levels by time:
     D:2: 903 daAuts
     D:3: 768 daAuts
     D:5: 622 daAuts
     D:4: 514 daAuts
     D:1: 435 daAuts
     D:6: 326 daAuts
  Temple: 87 daAuts
